AoeStats
← Gonvalon10

Nomad

503247355Analyzed
3v3 RM · 1mo ago on Aug 30, 2026· 57m 7s· 6 players
Game mode
Random Map
Map size
210×210
Population
200
Speed
Normal
Resources
Standard
Victory
Conquest
Starting age
Dark Age
Ending age
Imperial Age
RankedLock teamsTeams togetherTeam positionsShared explorationLock speedFull tech treeHidden civsTurbo modeCheats
Victory
Defeat
🇮🇪 Huns · Ireland
915
+15
🇩🇪 Persians · Germany
896
+16
🇺🇸 Burmese · United States
845
+18
🇨🇦 Vikings · Canada
962
-19
🇨🇱 Huns · Chile
890
-16
🇦🇷 Sicilians · Argentina
847
-14
Business Goose
15:41 Feudal Age
16:13 Horse Collar
16:14 Man-at-Arms
21:57 Arson
24:21 Forging
28:13 Castle Age
28:57 Wheelbarrow
28:07 Town Watch
28:17 Fletching
29:22 Bodkin Arrow
29:31 Loom
33:13 Heavy Plow
34:26 Wheelbarrow
33:43 Gambesons
33:18 Long Swordsman
33:59 Squires
36:23 Murder Holes
36:38 Fortified Wall
36:50 Ballistics
36:48 Stone Mining
36:49 Treadmill Crane
38:12 Hand Cart
37:43 Town Watch
38:44 Caravan
38:51 Gold Mining
42:34 Imperial Age
40:54 Gold Shaft Mining
41:23 Town Patrol
44:42 Conscription
44:27 Gambesons
44:03 Long Swordsman
45:50 Bloodlines
45:41 Husbandry
45:03 Light Cavalry
47:13 Hussar
48:07 Scale Barding Armor
52:11 Chain Barding Armor
52:27 Iron Casting
52:03 Capped Ram
52:14 Two-Handed Swordsman
52:54 Squires
Gonvalon10
4:43 Loom
14:43 Feudal Age
15:08 Town Watch
15:15 Double-Bit Axe
17:26 Man-at-Arms
17:53 Arson
23:48 Stone Mining
24:37 Scale Mail Armor
25:47 Fishing Lines
27:10 Wheelbarrow
31:42 Castle Age
32:36 Fletching
34:43 Horse Collar
39:31 Kamandaran
39:44 Crossbowman
40:29 Thumb Ring
40:36 Squires
39:57 Pikeman
41:12 Padded Archer Armor
43:13 Long Swordsman
43:50 Elite Skirmisher
48:18 Bloodlines
47:28 Light Cavalry
48:50 Husbandry
57:26 Heavy Plow
redjumper99
6:47 Loom
15:44 Feudal Age
16:12 Town Watch
16:17 Double-Bit Axe
17:02 Fishing Lines
17:53 Horse Collar
18:29 Gold Mining
19:22 Stone Mining
20:07 Bloodlines
24:08 Scale Barding Armor
24:14 Forging
28:31 Castle Age
28:46 Fletching
28:56 Padded Archer Armor
29:17 Heavy Plow
29:21 Light Cavalry
30:35 Bodkin Arrow
36:23 Bow Saw
39:06 Husbandry
41:49 Wheelbarrow
41:51 Gold Shaft Mining
42:15 Iron Casting
41:55 Arson
42:10 Squires
43:27 Marauders
46:02 Imperial Age
45:55 Chain Barding Armor
45:08 Pikeman
46:43 Leather Archer Armor
47:51 Plate Barding Armor
47:41 Hand Cart
47:18 Elite Tarkan
51:31 Blast Furnace
54:44 Scale Mail Armor
56:41 Cavalier
AB14
15:03 Feudal Age
15:53 Double-Bit Axe
20:28 Fishing Lines
23:09 Castle Age
21:43 Stone Mining
21:46 Gold Mining
24:00 Fletching
24:51 Bow Saw
24:51 Bodkin Arrow
28:50 Crossbowman
31:04 Padded Archer Armor
32:51 Gold Shaft Mining
32:07 Stone Mining
32:54 Guard Tower
33:00 Murder Holes
36:40 Imperial Age
33:56 Loom
33:57 Town Watch
35:16 Man-at-Arms
35:41 Gambesons
35:57 Squires
35:42 Arson
36:32 Forging
36:23 Scale Mail Armor
38:12 Chieftains
39:56 Horse Collar
40:37 Heavy Plow
40:57 Bogsveigar
42:37 Crop Rotation
43:05 Arbalester
43:49 Bracer
44:04 Leather Archer Armor
45:15 Chemistry
44:35 Ballistics
46:30 Ring Archer Armor
45:45 Treadmill Crane
46:11 Siege Engineers
48:02 Iron Casting
47:42 Chain Mail Armor
46:50 Long Swordsman
47:09 Elite Berserk
48:46 Capped Ram
51:59 Conscription
52:37 Siege Ram
Boss's Order
4:37 Loom
16:35 Feudal Age
17:08 Double-Bit Axe
20:02 Bloodlines
25:32 Fletching
25:55 Town Watch
27:27 Padded Archer Armor
28:54 Wheelbarrow
34:21 Castle Age
34:50 Crossbowman
35:32 Bodkin Arrow
45:47 Bow Saw
49:51 Fishing Lines
53:09 Pikeman
55:17 Squires
57:27 Scale Mail Armor
Producto.Machete
12:53 Feudal Age
13:24 Double-Bit Axe
14:16 Loom
14:53 Scale Mail Armor
15:11 Fletching
20:17 Stone Mining
23:19 Forging
25:03 Wheelbarrow
28:30 Horse Collar
31:59 Castle Age
32:58 Heavy Plow
34:36 Stone Shaft Mining
34:03 Town Watch
34:15 Bodkin Arrow
34:43 Gold Mining
37:15 Bow Saw
42:45 Chain Mail Armor
43:18 Murder Holes
43:45 Ballistics
45:11 Iron Casting
45:57 Masonry
46:29 Gold Shaft Mining
48:50 Imperial Age
46:51 Squires
46:37 Arson
47:10 Hand Cart
48:47 Husbandry
48:57 Bloodlines
48:55 Scale Barding Armor
49:46 Guilds
49:06 Cavalier
50:08 Chain Barding Armor
49:22 Elite Serjeant
51:59 Plate Mail Armor
52:29 Blast Furnace
51:30 Bracer
52:41 Conscription
52:10 Pikeman
57:28 Hoardings
Connection lost

Rejoining the realm…

Still unreachable

The connection could not be restored.

Session expired

The server has moved on; the page needs a fresh start.